AoeStats
← :::::Will:::::

Arabia

507800418Analyzed
1v1 RM · 14d ago on Sep 19, 2026· 34m 6s· 2 players
Game mode
Random Map
Map size
Tiny (2 player)
Population
200
Speed
Normal
Resources
Standard
Victory
Conquest
Starting age
Dark Age
Ending age
Imperial Age
RankedLock teamsTeams togetherTeam positionsShared explorationLock speedFull tech treeHidden civsTurbo modeCheats
Victory
Defeat
🇺🇸 Franks · United States
532
+13
🇵🇾 Byzantines · Paraguay
476
-13
:::::Will:::::
8:36 Loom
12:02 Feudal Age
12:47 Double-Bit Axe
12:55 Arson
14:05 Wheelbarrow
14:16 Horse Collar
14:06 Man-at-Arms
16:08 Forging
19:31 Scale Mail Armor
20:51 Gold Mining
22:06 Fletching
25:55 Castle Age
25:03 Fletching
27:31 Gold Shaft Mining
26:21 Pikeman
27:03 Squires
27:24 Thumb Ring
27:39 Bow Saw
29:30 Crossbowman
32:43 Husbandry
daddywander
3:12 Loom
9:52 Feudal Age
10:32 Double-Bit Axe
11:28 Wheelbarrow
12:42 Gold Mining
21:08 Castle Age
21:28 Stone Mining
21:48 Scale Barding Armor
21:54 Forging
22:26 Bow Saw
26:19 Chain Barding Armor
32:18 Husbandry
Connection lost

Rejoining the realm…

Still unreachable

The connection could not be restored.

Session expired

The server has moved on; the page needs a fresh start.